 Dungeon Crawl Stone Soup version 0.26-a0-812-g31a745ddcd (webtiles) character file.

Game seed: 16820829668723121841

1703 Lanoc the Conjurer (level 8, -9/60 HPs)
             Began as a Palentonga Air Elementalist on Dec 1, 2020.
             Was a Follower of Ashenzari.
             Mangled by a swamp worm (22 damage)
             ... on level 7 of the Dungeon.
             The game lasted 00:10:46 (6333 turns).

Lanoc the Conjurer (Palentonga Air Elementalist)    Turns: 6333, Time: 00:10:47

Health: -9/60      AC: 21    Str: 11    XL:     8   Next: 73%
Magic:  1/11       EV: 10    Int: 18    God:    Ashenzari [*.....]
Gold:   134        SH:  0    Dex: 13    Spells: 7/11 levels left

rFire    . . .     SeeInvis +   m - +0 quarterstaff
rCold    . . .     Faith    .   (shield currently unavailable)
rNeg     . . .     Spirit   .   a - +0 robe
rPois    .         Reflect  .   o - +1 helmet
rElec    .         Harm     .   (no cloak)
rCorr    .         Rampage  .   (no gloves)
MR       +....                  b - +0 barding (curse)
Stlth    ++........             (no amulet)
HPRegen  1.00/turn              i - ring of protection from magic
MPRegen  0.12/turn              p - +4 ring of protection

@: curled up
A: large, talons 1, rugged brown scales 3, see invisible, agile 1, deformed
body, regeneration 2, roll, armoured tail, reflexive curl
a: Rolling Charge, Curse Item, Scrying, Renounce Religion


You were on level 7 of the Dungeon.
You worshipped Ashenzari.
Ashenzari was aware of your devotion.
You visited 2 branches of the dungeon, and saw 8 of its levels.

You collected 230 gold pieces.
You spent 96 gold pieces at shops.

Inventory:

Hand Weapons
 m - a +0 quarterstaff (weapon)
Armour
 a - a +0 robe (worn)
 b - a cursed +0 barding (worn)
 o - a +1 helmet (worn)
Jewellery
 i - a ring of protection from magic (left hand)
 p - a +4 ring of protection (right hand)
Wands
 j - a wand of paralysis (14)
 v - a wand of iceblast (8)
Scrolls
 d - 4 scrolls of noise {unknown}
 e - a scroll of random uselessness {unknown}
 f - 3 scrolls of magic mapping {unknown}
 g - 3 scrolls of enchant weapon {unknown}
 h - 4 scrolls of teleportation
 k - a scroll of identify {unknown}
 l - a scroll of enchant armour {unknown}
 t - a scroll of amnesia {unknown}
 u - a scroll of remove curse
 y - a scroll of blinking
Potions
 c - a potion of brilliance {unknown}
 n - a potion of mutation
 q - 2 potions of attraction {unknown}
 r - a potion of degeneration {unknown}
 s - a potion of magic {unknown}
 w - a potion of lignification


   Skills:
 + Level 4.9 Dodging
 - Level 1.2 Stealth
 - Level 2.0 Spellcasting
 * Level 7.3 Conjurations
 + Level 5.2 Air Magic


You had 7 spell levels left.
You knew the following spells:

 Your Spells              Type           Power        Failure   Level
a - Shock                 Conj/Air       ###.         1%          1
b - Static Discharge      Conj/Air       ###.....     4%          3

Your spell library contained the following spells:

 Spells                   Type           Power        Failure   Level
 Magic Dart               Conj           ####         1%          1
 Swiftness                Air            ###.....     3%          2
 Airstrike                Air            ###.......   22%         4
 Lightning Bolt           Conj/Air       ###.......   36%         5


Dungeon Overview and Level Annotations

Branches:
Dungeon (7/15)             Temple (1/1) D:5

Altars:
Ashenzari
Kikubaaqudgha
Sif Muna
Vehumet

Shops:
D:5 *   D:6 ?


Innate Abilities, Weirdness & Mutations

You are completely covered in rugged brown scales. (AC +3, +7% HP)
You have supernaturally acute eyesight. (SInv)
Armour fits poorly on your strangely shaped body.
You can roll at foes to attack.
You have a long armoured tail.
You curl defensively after being hit.
You have sharp toenails.
You are agile. (Dex +2)
You heal very quickly.


Message History

The swamp worm is lightly wounded.
The zap hits the orc!
You kill the orc!
The swamp worm fires a harpoon shot at you.
The harpoon shot hits you!!
You are yanked forward by the harpoon shot.
You hit the swamp worm.
Your tail-slap misses the swamp worm.
The swamp worm is lightly wounded.
The swamp worm bites you.
You hit the swamp worm.
Your tail-slap misses the swamp worm.
The swamp worm is moderately wounded.
The swamp worm bites you but does no damage. x2
You feel much better. The swamp worm bites you!!
The swamp worm barely misses you.
The swamp worm fires a harpoon shot at you.
The harpoon shot hits you!
* * * LOW HITPOINT WARNING * * *
You are yanked forward by the harpoon shot.
The swamp worm bites you!!
You die...

......................#
...#.#)...........#####
. .# #.#............#
..####.#w............
#....5..w.?.........
#.....##.o.........<
......#5w##.......
.......w## ......
.#.....w@##......
##............#
##.......###.#
#........# #..#......$
...##.#...... ..#.
..#....##.# ...
##......# . ##......


You could see 2 swamp worms and a white imp.

Vanquished Creatures
  Eustachio (D:5)
  Edmund (D:6)
  2 ice beasts (D:5)
  2 ogres
  3 centaurs
  A big kobold (D:7)
  A bullfrog (D:7)
  3 wights (D:6)
  A howler monkey (D:4)
  A centaur zombie (D:7)
  A bullfrog zombie (D:6)
  2 hounds
  2 orc priests (D:4)
  4 orc wizards
  An iguana (D:6)
  2 worker ants
  A killer bee zombie (D:6)
  A hound zombie (D:5)
  8 adders
  2 adder skeletons
  A worm (D:5)
  2 dart slugs
  4 leopard geckos
  16 orcs
  3 giant cockroaches
  3 goblins (D:3)
  3 hobgoblins (D:2)
  14 jackals
  7 kobolds
  A quokka (D:3)
  2 ball pythons
  2 frilled lizards
  A quokka zombie (D:5)
  6 rats
105 creatures vanquished.

Vanquished Creatures (others)
  3 plants (D:7)
3 creatures vanquished.

Grand Total: 108 creatures vanquished

Notes
Turn   | Place    | Note
-------+----------+-------------------------------------------
     0 | D:1      | Lanoc the Palentonga Air Elementalist began the quest for
                  | the Orb.
     0 | D:1      | Reached XP level 1. HP: 14/14 MP: 3/3
    45 | D:1      | Reached skill level 1 in Conjurations
   321 | D:2      | Reached XP level 2. HP: 21/21 MP: 0/5
   775 | D:3      | Reached skill level 2 in Conjurations
   798 | D:3      | Reached XP level 3. HP: 27/27 MP: 1/6
  1093 | D:3      | Found a broken altar of Ashenzari.
  1117 | D:3      | Became a worshipper of Ashenzari the Shackled
  1829 | D:3      | Reached XP level 4. HP: 35/35 MP: 3/7
  2346 | D:4      | Gained mutation: Your natural rate of healing is unusually
                  | fast. [potion of mutation]
  2346 | D:4      | Gained mutation: You are agile. (Dex +2) [potion of
                  | mutation]
  2346 | D:4      | Gained mutation: You have sharp toenails. [potion of
                  | mutation]
  2346 | D:4      | Gained mutation: You heal very quickly. [potion of
                  | mutation]
  2350 | D:4      | Reached skill level 3 in Conjurations
  2472 | D:4      | Reached XP level 5. HP: 40/40 MP: 6/8
  2897 | D:4      | Reached XP level 6. HP: 48/48 MP: 1/9
  3585 | D:5      | Entered Level 5 of the Dungeon
  3585 | D:5      | Found Econien's General Store.
  3588 | D:5      | Bought a scroll of teleportation for 36 gold pieces
  3588 | D:5      | Bought a potion of heal wounds for 60 gold pieces
  3624 | D:5      | Reached skill level 4 in Conjurations
  3933 | D:5      | Noticed an ice beast
  3943 | D:5      | Killed an ice beast
  3943 | D:5      | Gained mutation: You curl defensively after being hit.
                  | [Palentonga growth]
  3943 | D:5      | Reached XP level 7. HP: 34/53 MP: 0/10
  4052 | D:5      | Found a staircase to the Ecumenical Temple.
  4067 | D:5      | Noticed Eustachio
  4069 | Temple   | Entered the Ecumenical Temple
  4096 | D:5      | Killed Eustachio
  4096 | D:5      | Reached skill level 5 in Conjurations
  4219 | D:5      | Reached * piety under Ashenzari
  4786 | D:6      | Reached skill level 6 in Conjurations
  4786 | D:6      | Reached XP level 8. HP: 60/60 MP: 6/11
  5188 | D:6      | Found Fiosyng's Magic Scroll Emporium.
  5282 | D:6      | Noticed Edmund
  5307 | D:6      | Killed Edmund
  5430 | D:6      | Learned a level 3 spell: Static Discharge
  5454 | D:6      | Found a radiant altar of Vehumet.
  5473 | D:6      | Identified Vehumet's Collected Works on Attacks
  5476 | D:6      | Found an ancient bone altar of Kikubaaqudgha.
  5477 | D:6      | Found a shimmering blue altar of Sif Muna.
  5749 | D:6      | Reached skill level 5 in Air Magic
  6055 | D:6      | Reached skill level 7 in Conjurations
  6333 | D:7      | Mangled by a swamp worm

Illustrated notes

Levels and vault maps discovered:
D:1:      psy_arrival_terrarium, layout_rooms
D:2:      layout_loops_ring, gammafunk_temple_overflow_statue,
          chequers_temple_overflow_statue_of_worship, minmay_indecisive_spiral
D:3:      layout_basic, solitary_fountain, evilmike_ruin_ashenzari
D:4:      layout_basic, chequers_avenue
D:5:      layout_cave_pools, minmay_temple_entry_slanted, serial_shops,
          nicolae_shop_statue_plus, uniq_eustachio
D:6:      layout_basic, grunt_temple_overflow_magic_moments, serial_shops,
          nicolae_shop_temple_entry_statues_fountains, uniq_edmund
D:7:      layout_rooms, worms_lemuel
Temple:   nicolae_temple_figure_zero

Skill      XL: |  1  2  3  4  5  6  7  8 |
---------------+-------------------------+-----
Conjurations   | 1 2 3 4 6 7 |  7.3
Dodging        | 2 3 4 |  4.9
Air Magic      | 3 4 5 |  5.2
Stealth        | |  1.2
Spellcasting   | |  2.0

Action                   |  1- 3 |  4- 6 |  7- 9 || total
-------------------------+-------+-------+-------++-------
Melee: Unarmed           |    50 |    73 |       ||   123
       Tailslap          |     4 |     5 |    10 ||    19
       Quarterstaff      |       |       |    70 ||    70
 Cast: Shock             |    77 |   100 |   140 ||   317
       Static Discharge  |       |       |     8 ||     8
Invok: Curse Item        |       |     1 |       ||     1
 Abil: Rolling Charge    |     3 |     4 |     6 ||    13
  Use: Potion            |       |     4 |     3 ||     7
       Scroll            |       |     1 |       ||     1
 Stab: Sleeping          |       |       |     1 ||     1
Armor: Robe              |    25 |    64 |   125 ||   214
       Skin              |       |     7 |       ||     7
Dodge: Dodged            |    31 |    60 |   134 ||   225

Table legend: (Time is in decaauts)
 A = Elapsed time spent in this place.
 B = Non-inter-level travel time spent in this place.
 C = Inter-level travel time spent in this place.
 D = Time resting spent in this place.
 E = Time spent auto-exploring this place.
 F = Levels seen in this place.
 G = Mean time per level.
                   A        B        C        D        E       F      G
               +--------+--------+--------+--------+--------+-----+--------+
         Total |   6357 |   6280 |     77 |    161 |   5233 |   8 |  794.6 |
       Dungeon |   6355 |   6278 |     77 |    161 |   5233 |   7 |  907.9 |
        Temple |      1 |      1 |      0 |      0 |      0 |   1 |    1.0 |
               +--------+--------+--------+--------+--------+-----+--------+

Top non-repeatable levels by time:
     D:3: 1863 daAuts
     D:4: 1548 daAuts
     D:6: 1455 daAuts
     D:5: 941 daAuts
     D:2: 226 daAuts
     D:7: 220 daAuts
     D:1: 99 daAuts
  Temple: 1 daAuts
